 Dungeon Crawl Stone Soup version 0.31-a0-1626-g5cb510d322 (webtiles) character file.

Game seed: 17755371045233607946

1139 Amplified the Magician (level 8, 0/58 HPs)
             Began as a Mummy Alchemist on Jan 12, 2024.
             Incinerated by a bombardier beetle (9 damage)
             ... with a burning spray
             ... on level 4 of the Dungeon.
             The game lasted 00:08:15 (4499 turns).

Amplified the Magician (Mummy Alchemist)            Turns: 4499, Time: 00:08:16

Health: 0/58       AC: 12    Str: 12    XL:     8   Next: 14%
Magic:  13/17      EV: 11    Int: 16    God:
Gold:   184        SH:  0    Dex: 12    Spells: 13/19 levels left

rFire   x . .        k - +1 flail (protect)
rCold   + . .        (no shield)
rNeg    + + +        j - +2 leather armour of the Seven Planets {rN+}
rPois   ∞            (no helmet)
rElec   .            (no cloak)
rCorr   .            (no gloves)
SInv    .            (no boots)
Will    +....        (no amulet)
Stlth   +            m - ring of flight
HPRegen 0.29/turn    (no ring)
MPRegen 0.15/turn

%: faith
@: on fire, about to teleport, under a protective aura, flying, very slightly
contaminated, glowing
A: cold resistance 1, negative energy resistance 3, torment resistance 2, heat
vulnerability 1, in touch with death 1, no potions, faith
a: no special abilities


You were on level 4 of the Dungeon.
You visited 1 branch of the dungeon, and saw 4 of its levels.

You collected 184 gold pieces.

Inventory:

Hand Weapons
 c - a +0 mace
 k - a +1 flail of protection (weapon)
Missiles
 b - 5 boomerangs (quivered)
 i - 3 atropa-tipped darts
Armour
 a - a +0 robe
 j - the +2 leather armour of the Seven Planets (worn) {rN+}
   (You found it on level 2 of the Dungeon)

   rN+:       It protects you from negative energy.
Jewellery
 m - a ring of flight (left hand)
Wands
 e - a wand of flame (16)
Scrolls
 f - a scroll of poison
 g - a scroll of amnesia
 h - a scroll of immolation
 l - 2 scrolls of fog
 n - a scroll of butterflies
 o - a scroll of identify


   Skills:
 + Level 3.0 Fighting
 - Level 1.5 Dodging
 - Level 1.5 Stealth
 * Level 6.1 Spellcasting
 * Level 3.8 Conjurations
 * Level 3.2 Air Magic
 * Level 4.5 Alchemy


You had 13 spell levels left.
You knew the following spells:

 Your Spells              Type           Power      Damage    Failure   Level
a - Sting                 Conj/Alch      72%        1d7       3%          1
b - Mercury Vapours       Alch/Air       34%        N/A       5%          2
c - Mephitic Cloud        Conj/Alch/Air  17%        N/A       11%         3

Your spell library contained the following spells:

 Spells                   Type           Power      Damage    Failure   Level
 Momentum Strike          Conj/Tloc      22%        3d8       12%         2
 Blink                    Tloc           8%         N/A       26%         2
 Lesser Beckoning         Tloc           8%         N/A       26%         2
 Olgreb's Toxic Radiance  Alch           19%        N/A       26%         4
 Sticky Flame             Fire/Alch      12%        2d5       56%         4


Dungeon Overview and Level Annotations

Branches:
Dungeon (4/15)
 Temple: D:4-7

Altars:

Shops:
D:2 =


Innate Abilities, Weirdness & Mutations

You are immune to poison.
Your flesh is cold resistant. (rC+)
You are immune to negative energy. (rN+++)
You are immune to unholy pain and torment.
You are vulnerable to heat. (rF-)
You are in touch with the powers of death.
You do not drink.
You have a special connection with the divine. (Faith)


Message History

Press: ? - help, Shift-Dir - straight line, f/p - bombardier beetle
Aim: a bombardier beetle (lightly wounded, very poisoned, weak, 84% to hit)
You miscast Sting.
You are very lightly contaminated with residual magic.
Nothing appears to happen.
The liquid fire burns you!
The quokka bites you but does no damage.
Unknown command.
Casting: Sting (safe; 3% risk of failure)
Confirm with . or Enter, or press ? or * to list all spells.
Aiming: Sting (safe; 3% risk of failure)
Press: ? - help, Shift-Dir - straight line, f/p - bombardier beetle
Aim: a bombardier beetle (heavily wounded, very poisoned, weak, 84% to hit)
The sting hits the quokka.
The quokka looks even sicker.
The quokka is heavily wounded.
The liquid fire burns you!
The quokka bites you but does no damage.
You hit the quokka.
Your weapon exudes an aura of protection.
You kill the quokka!
The liquid fire burns you!
You hit the giant cockroach.
You kill the giant cockroach!
The liquid fire burns you!
* * * LOW HITPOINT WARNING * * *
The ball python bites you but does no damage.
The ball python closely misses you.
Unknown command.
Okay, then.
You shake off some of the fire as you move.
The liquid fire burns you!
* * * LOW HITPOINT WARNING * * *
You kill the bombardier beetle!
The ball python attacks as it pursues you!
The ball python bites you but does no damage.
The ball python completely misses you.
As you read the scroll of teleportation, it crumbles to dust.
You feel strangely unstable. The liquid fire burns you!
You die...

..##.###.......#.#.###
..##.................#
################.).###
......# ########)).#
.####.# ...........#
.# #.# .#######...# .#
#.# #...# .####.##
##...# >..<...# #.@..#
.##.#..# #S#..#
.##.#..# #†####
.##.#..# .†. .......#
♣...♣ .##.#.## ..$..
.##.#.# ...$$..
.##.#.# ...$...
.##.#.# #.♣...♣.#


You could see a ball python.

Vanquished Creatures
  Grinder (D:3)
  Sigmund (D:3)
  An ogre (D:4)
  4 scorpions (D:4)
  A bombardier beetle (D:4)
  3 hounds (D:4)
  An iguana (D:4)
  Jessica (D:2)
  Natasha (thrice) (D:2)
  Terence (D:3)
  An orc wizard (D:4)
  8 adders
  A ribbon worm (D:4)
  A dart slug (D:2)
  5 orcs
  9 bats
  5 endoplasms
  6 giant cockroaches
  6 goblins
  11 hobgoblins
  3 jackals (D:1)
  7 kobolds
  4 quokkas
  9 ball pythons
  4 frilled lizards
  3 rats (D:1)
100 creatures vanquished.

Notes
Turn   | Place    | Note
-------+----------+-------------------------------------------
     0 | D:1      | Amplified the Mummy Alchemist began the quest for the Orb.
     0 | D:1      | Reached XP level 1. HP: 13/13 MP: 4/4
    37 | D:1      | Reached skill level 1 in Conjurations
   104 | D:1      | Reached XP level 2. HP: 18/20 MP: 2/5
   108 | D:1      | Reached skill level 3 in Spellcasting
   571 | D:1      | Learned a level 2 spell: Mercury Vapours
  1027 | D:1      | Reached XP level 3. HP: 25/25 MP: 5/7
  1193 | D:2      | Reached skill level 1 in Fighting
  1370 | D:2      | Noticed Natasha
  1416 | D:2      | Identified the +2 leather armour of the Seven Planets {rN+}
  1687 | D:2      | Found Ponanak's Jewellery Boutique.
  1762 | D:2      | Noticed Jessica
  1766 | D:2      | Killed Jessica
  1767 | D:2      | Reached XP level 4. HP: 28/32 MP: 5/9
  1864 | D:2      | Killed Natasha
  1865 | D:2      | Reached skill level 4 in Spellcasting
  1873 | D:2      | Noticed Natasha
  1877 | D:2      | Killed Natasha
  1878 | D:2      | Reached skill level 1 in Air Magic
  1878 | D:2      | Reached XP level 5. HP: 35/37 MP: 1/11
  2055 | D:2      | Noticed Natasha
  2174 | D:2      | Killed Natasha
  2493 | D:3      | Learned a level 3 spell: Mephitic Cloud
  2528 | D:3      | Noticed Terence
  2538 | D:3      | Killed Terence
  2640 | D:3      | Noticed Grinder
  2920 | D:3      | Noticed Sigmund
  2928 | D:3      | Killed Sigmund
  2929 | D:3      | Reached XP level 6. HP: 40/44 MP: 5/13
  3099 | D:3      | Killed Grinder
  3100 | D:3      | Reached skill level 5 in Spellcasting
  3100 | D:3      | Reached XP level 7. HP: 47/51 MP: 6/14
  3291 | D:3      | Found a faded altar of an unknown god.
  4185 | D:4      | Reached skill level 6 in Spellcasting
  4185 | D:4      | Reached XP level 8. HP: 54/57 MP: 12/17
  4499 | D:4      | Incinerated by a bombardier beetle

Illustrated notes

Levels and vault maps discovered:
D:1:      lemuel_arrival_broad_hall, layout_loops_cross, minmay_fountain_box
D:2:      layout_basic, serial_shops, shop, chequers_serial_rivers_small_3,
          minmay_misc_feat_tiny, uniq_jessica, uniq_natasha
D:3:      layout_basic, mainiacjoe_overflow_six_doors_small,
          basic_ecumenical_altar, uniq_grinder, uniq_sigmund, uniq_terence
D:4:      old_forge, layout_basic, kennysheep_small_square

Skill      XL: |  1  2  3  4  5  6  7  8 |
---------------+-------------------------+-----
Conjurations   | 1 2 3 |  3.8
Spellcasting   | 3 4 5 6 |  6.1
Fighting       | 1 2 3 |  3.0
Alchemy        | 3 4 |  4.5
Air Magic      | 1 2 3 |  3.2
Dodging        | |  1.5
Stealth        | |  1.5

Action                     |  1- 3 |  4- 6 |  7- 9 || total
---------------------------+-------+-------+-------++-------
  Melee: Unarmed           |    30 |       |       ||    30
         Punch             |     1 |       |     2 ||     3
         Mace              |    22 |    12 |       ||    34
         Flail             |       |    43 |    81 ||   124
  Throw: Boomerang         |    17 |       |       ||    17
   Cast: Sting             |    61 |    31 |    22 ||   114
         Mercury Vapours   |     5 |     9 |    22 ||    36
  Evoke: Wand              |       |     8 |       ||     8
    Use: Scroll            |     6 |     3 |     4 ||    13
   Stab: Held in net/web   |       |       |     1 ||     1
 Armour: Robe              |    37 |       |       ||    37
         Leather armour    |    12 |    56 |   100 ||   168
  Dodge: Dodged            |    64 |    54 |    81 ||   199

Table legend: (Time is in decaauts)
 A = Elapsed time spent in this place.
 B = Non-inter-level travel time spent in this place.
 C = Inter-level travel time spent in this place.
 D = Time resting spent in this place.
 E = Time spent auto-exploring this place.
 F = Levels seen in this place.
 G = Mean time per level.
                   A        B        C        D        E       F      G
               +--------+--------+--------+--------+--------+-----+--------+
         Total |   4572 |   4443 |    129 |    312 |   3164 |   4 | 1143.0 |
       Dungeon |   4572 |   4443 |    129 |    312 |   3164 |   4 | 1143.0 |
               +--------+--------+--------+--------+--------+-----+--------+

Top non-repeatable levels by time:
     D:2: 1384 daAuts
     D:4: 1209 daAuts
     D:1: 1084 daAuts
     D:3: 894 daAuts
